Zazza, neutral male human Tourist # # # # # # . # #--------------------------------- | . ................................- |.----....-----.---- -- .----- |# . . |. |.|..|---.|.@.|.-..| |. | | .| .. - |.|. |..|.|.@.|.|..| .. . |- # |.-|-|..|.|..dBh---- # |....|..|.|...|....+ . |. -. # ..{..-|--.----|....| . # # |..........-..|+--.- -. -- | # |....-|--..|..| .. . + - # |.-+-|..|.----| -- . ## # | . .# |.| |..|.-...|- . - # . |.| |---.|$..| . . . | |.| .|....|...| . . . | ..----....-----+--------- . .| # . # # # |...............................| +. - #--------------------------------- - Zazza the Sightseer Experience level: 3 Strength: 15 Dexterity: 9 Constitution: 16 Intelligence: 13 Wisdom: 8 Charisma: 18 Health: 0(27) Energy: 11(11) Def: 6 Gold: 606 Moves: 4318 Dungeon seed: dNQLfAAk4x4l_AIE Game ID: Zazza_1619375475 Your Inventory: Coins $ - 606 gold pieces Weapons a - 32 +2 darts c - a cursed +0 crossbow f - 9 blessed +0 crossbow bolts g - a cursed +0 dagger h - 36 cursed +2 darts j - 9 cursed +0 darts v - a +0 aklys S - 3 +0 darts W - a +0 elven dagger Y - 95 +2 darts Armor e - an uncursed +0 Hawaiian shirt (being worn) n - an uncursed +0 orcish helm (being worn) q - a cursed +0 pair of leather gloves r - a cursed +0 pair of kicking boots t - a cursed +1 elven leather helm y - a cursed +2 cloak of invisibility D - an uncursed +0 pair of gauntlets of dexterity Comestibles b - 8 uncursed food rations i - an uncursed lembas wafer k - 2 cursed eggs o - 9 cursed food rations z - 4 cursed tripe rations Q - an uncursed egg Potions B - an uncursed potion of hallucination F - an uncursed potion of confusion H - a cursed potion of hallucination Rings d - a blessed +2 ring of gain strength (on left hand) G - an uncursed ring of stealth K - an uncursed ring of levitation V - a cursed ring of sustain ability Wands u - a wand of magic missile (0:0) x - a wand of light (0:11) C - a wand of opening (0:6) T - a cursed wand of slow monster (0:4) U - a cursed wand of light (0:11) Tools l - an expensive camera (0:71) m - an uncursed credit card p - a cursed credit card s - a cursed expensive camera (0:62) w - a cursed tallow candle (0:200) A - a +0 grappling hook P - an uncursed towel Gems N - a cursed worthless piece of red glass Spells and supernatural/magical abilities: Name Level Category Fail Memory W - pray for help -- divine ? -- Your skills at the end: Fighting Skills Weapon Skills dart [Basic] Spellcasting Skills Final Attributes: You were stridently aligned. You were telepathic. You were protected. You are dead. Vanquished creatures: 3 ghosts a gnome lord a gnomish wizard a floating eye a homunculus a kobold lord a rothe 2 werejackals an iguana a coyote a gas spore 4 hobbits 4 giant rats a brown mold a garter snake 2 geckos 7 jackals 5 foxes 4 kobolds 8 goblins 4 sewer rats 3 grid bugs 2 bats 6 lichens 10 newts 75 creatures vanquished. Voluntary challenges: You used a wielded weapon 15 times, starting on turn 539. You read items or engraved 9 times, starting on turn 811. You never genocided any monsters. You never polymorphed an object. You never changed form. You used no wishes. You never split a pudding. You wrote Elbereth's name 4 times, starting on turn 1513. You never violated your personal moral code. Dungeon overview: The Dungeons of Doom: levels 1 to 5 Level 1 a long staircase Level 2 a general store, an altar to The Lady, some fountains stairs to The Gnomish Mines Level 3 a fountain Level 4 Level 5 many fountains The Gnomish Mines: levels 3 to 5 Level 3 stairs to The Dungeons of Doom Level 4 Level 5 <- You were here some shops, a temple to Blind Io, a fountain History has recorded: On T:1 you entered the Dungeons of Doom to retrieve the Amulet of Yendor! On T:179 you reached level 2 of The Dungeons of Doom. On T:1845 you reached level 3 of The Dungeons of Doom. On T:2212 you reached level 4 of The Dungeons of Doom. On T:2871 you reached level 5 of The Dungeons of Doom. On T:2955 you advanced to experience level 2. On T:3564 you reached level 1 of The Gnomish Mines. On T:3707 you reached level 2 of The Gnomish Mines. On T:4139 you reached level 3 of The Gnomish Mines. On T:4311 you advanced to experience level 3. Score breakdown: Gold: 566 ( 9366 points) Experience: 3 levels ( 7878 points) Exploration: 5 levels ( 9.62%) ( 8401 points) Discoveries: 10 items ( 3.36%) ( 5495 points) Valuables value: (no points given unless you survive) Artifact value: 0 ( 0 points) Variety of kills: 25 monsters ( 6.56%) ( 7684 points) Turncount: 4318 turns (-1137 points) Survival: died (score multiplied by 80%) Total score: 30149 Latest messages: The dart hits the gnomish wizard. The gnomish wizard points all around, then curses. You kill the gnomish wizard! Welcome to experience level 3. You hit the coyote. The coyote just misses! The coyote bites! The dart hits the coyote. The coyote bites! The dart misses the coyote. The coyote bites! You start equipping your pair of riding gloves. You stop changing your equipment. The coyote bites! (2x) You feel an absence of magical power. The coyote bites! You die... Final status: Aloha Zazza the Tourist, killed by a coyote... You died in The Gnomish Mines on dungeon level 5 with 30149 points, and 606 pieces of gold, after 4318 moves. You were level 3 with a maximum of 27 hit points when you died.